 Dungeon Crawl Stone Soup version 0.29-a0-384-g6960b1960d (webtiles) character file.

Game seed: 4204214176761611982

172 loir the Magician (level 5, 0/39 HPs)
             Began as a Djinni Fire Elementalist on May 6, 2022.
             Slain by Grinder (7 damage)
             ... on level 3 of the Dungeon.
             The game lasted 00:12:21 (2965 turns).

loir the Magician (Djinni Fire Elementalist)        Turns: 2965, Time: 00:12:22

Health: 0/39       AC:  2    Str:  7    XL:     5   Next: 82%
Gold:   97         EV: 12    Int: 18    God:
                   SH:  0    Dex: 14

rFire   + + .      SeeInvis .   (no weapon)
rCold   x . .      Faith    .   (no shield)
rNeg    + . .      Spirit   .   a - +0 robe
rPois   ∞          Reflect  .   (no helmet)
rElec   .          Harm     .   j - scarf {repulsion}
rCorr   .          Rampage  .   (no gloves)
Will    .....                   (boots unavailable)
Stlth   ++........              m - amulet of the acrobat
HPRegen 0.13/turn               n - ring of positive energy
MPRegen 0.00/turn               (no ring)

@: flying, repel missiles
A: sickness immunity, fire resistance 2, cold vulnerability 1, float, innate
caster, HP casting, extra vitality 1
a: no special abilities


You were on level 3 of the Dungeon.
You visited 1 branch of the dungeon, and saw 3 of its levels.

You collected 97 gold pieces.

Inventory:

Missiles
 d - 74 stones
 h - 5 curare-tipped darts
Armour
 a - a +0 robe (worn)
 e - a +0 cloak
 j - a scarf of repulsion (worn)
Jewellery
 k - an amulet of faith
 m - an amulet of the acrobat (around neck)
 n - a ring of positive energy (left hand)
Wands
 o - a wand of flame (7)
Scrolls
 b - 3 scrolls of identify
 c - a scroll of silence
Potions
 f - a potion of lignification
 g - a potion of mutation
 l - a potion of degeneration {unknown}


   Skills:
 + Level 2.6 Fighting
 - Level 2.1 Dodging
 - Level 1.5 Stealth
 * Level 4.0 Spellcasting


You couldn't memorise any spells.
You knew the following spells:

 Your Spells              Type           Power      Damage    Failure   Level
a - Foxfire               Conj/Fire      72%        2x1d7     2%          1
b - Scorch                Fire           36%        2d7       4%          2
c - Conjure Flame         Conj/Fire      18%        6-21      9%          3
d - Inner Flame           Hex/Fire       18%        N/A       9%          3
e - Flame Wave            Conj/Fire      18%        2d6       26%         4
f - Apportation           Tloc           36%        N/A       2%          1
g - Wereblood             Tmut           18%        N/A       4%          2
Your spell library was empty.

Dungeon Overview and Level Annotations

Branches:
Dungeon (3/15)

Altars:

Annotations:
D:3 Grinder


Innate Abilities, Weirdness & Mutations

You are immune to sickness and miasma.
You are immune to poison.
Your flesh is very heat resistant. (rF++)
You are vulnerable to cold. (rC-)
You float through the air rather than walking.
You learn spells naturally, not from books.
Your magical power is your life essence.
You have superior vitality. (+4 MHP)


Message History

Flames lash Grinder.
Grinder is heavily wounded.
Grinder's fire resistance burns away.
* * * LOW HITPOINT WARNING * * *
Grinder misses you.
Your magical contamination has completely faded away.
You feel much better. The worm closely misses you. Grinder barely misses you.
Casting: Scorch (safe; 4% risk of failure)
Confirm with . or Enter, or press ? or * to list all spells.
Okay, then.
Casting: Foxfire (safe; 2% risk of failure)
Press: ? - help, Q - select action, (/) - cycle Dir - look around, f - activate You conjure some foxfire!
Grinder barely misses you. The worm barely misses you.
Grinder is no longer more vulnerable to fire.
The foxfire hits the worm.
The worm is lightly wounded.
The foxfire hits the worm.
The worm is moderately wounded.
Grinder gestures at you.
You suddenly lose the ability to move!
Grinder hits you.
You writhe in agony.
You can move again.
Grinder attacks as you move away! Grinder hits you!
Casting: Foxfire (safe; 2% risk of failure)
Confirm with . or Enter, or press ? or * to list all spells.
Flames lash the worm.
The worm is severely wounded.
The worm's fire resistance burns away.
Grinder hits you.
* * * LOW HITPOINT WARNING * * *
You writhe in agony.
* * * LOW HITPOINT WARNING * * *
Casting: Scorch (safe; 4% risk of failure)
Confirm with . or Enter, or press ? or * to list all spells.
Flames lash Grinder.
Grinder is severely wounded.
Grinder's fire resistance burns away.
* * * LOW HITPOINT WARNING * * *
Grinder hits you!
You die...

###.######.....
#....[.....#.#
.............#
#.#.....)..###.
#......<†......
#..###..###.###
#............#
##.####5w##..#
#@.# .. #..#
#..# .... ..##.
#... .# #### #


You could see Grinder (combustible) and a worm (combustible).

Vanquished Creatures
  A scorpion (D:3)
  Ijyb (D:3)
  A gnoll (D:1)
  2 adders
  2 worms (D:2)
  3 dart slugs
  3 bats (D:1)
  3 endoplasms
  2 giant cockroaches (D:1)
  7 goblins
  7 hobgoblins
  A kobold (D:2)
  3 quokkas
  4 ball pythons
  5 frilled lizards
  3 rats
48 creatures vanquished.

Vanquished Creatures (others)
  128 foxfires
128 creatures vanquished.

Grand Total: 176 creatures vanquished

Notes
Turn   | Place    | Note
-------+----------+-------------------------------------------
     0 | D:1      | loir the Djinni Fire Elementalist began the quest for the
                  | Orb.
     0 | D:1      | Reached XP level 1. HP: 15/15 MP: 0/0
   270 | D:1      | Reached XP level 2. HP: 18/22 MP: 0/0
   647 | D:1      | Reached skill level 1 in Fighting
   840 | D:1      | Reached skill level 3 in Spellcasting
   840 | D:1      | Reached XP level 3. HP: 18/27 MP: 0/0
   840 | D:1      | Learned a level 1 spell: Apportation
  1833 | D:2      | Reached XP level 4. HP: 19/32 MP: 0/0
  2151 | D:2      | Found a faded altar of an unknown god.
  2928 | D:3      | Noticed a scorpion
  2933 | D:3      | Noticed Ijyb
  2935 | D:3      | Killed a scorpion
  2936 | D:3      | Reached XP level 5. HP: 19/39 MP: 0/0
  2936 | D:3      | Learned a level 2 spell: Wereblood
  2938 | D:3      | Noticed Grinder
  2945 | D:3      | Killed Ijyb
  2946 | D:3      | Reached skill level 4 in Spellcasting
  2950 | D:3      | Paralysed by Grinder for 5 turns
  2960 | D:3      | Paralysed by Grinder for 3 turns
  2965 | D:3      | Slain by Grinder

Illustrated notes

Levels and vault maps discovered:
D:1:      lemuel_arrival_rhombus, layout_loops_cross
D:2:      minmay_door_path, layout_basic, basic_ecumenical_altar, minivault_27,
          minmay_goblin_kobold_house
D:3:      layout_basic, serial_shops, nicolae_diamond_shop,
          nicolae_shop_behind_doors, shop_fountains, shop,
          nicolae_shop_waterfront, uniq_ijyb, uniq_grinder, uniq_sigmund

Skill      XL: |  1  2  3  4  5 |
---------------+----------------+-----
Fighting       | 1 2 |  2.6
Spellcasting   | 3 4 |  4.0
Dodging        | |  2.1
Stealth        | |  1.5

Action                   |  1- 3 |  4- 6 || total
-------------------------+-------+-------++-------
 Cast: Foxfire           |    59 |    22 ||    81
       Scorch            |     3 |    27 ||    30
  Use: Scroll            |     6 |     3 ||     9
       Potion            |       |     3 ||     3
Armor: Robe              |     1 |     3 ||     4
Dodge: Dodged            |     7 |    10 ||    17

Table legend: (Time is in decaauts)
 A = Elapsed time spent in this place.
 B = Non-inter-level travel time spent in this place.
 C = Inter-level travel time spent in this place.
 D = Time resting spent in this place.
 E = Time spent auto-exploring this place.
 F = Levels seen in this place.
 G = Mean time per level.
                   A        B        C        D        E       F      G
               +--------+--------+--------+--------+--------+-----+--------+
         Total |   2964 |   2901 |     63 |    226 |   2380 |   3 |  988.0 |
       Dungeon |   2964 |   2901 |     63 |    226 |   2380 |   3 |  988.0 |
               +--------+--------+--------+--------+--------+-----+--------+

Top non-repeatable levels by time:
     D:1: 1548 daAuts
     D:2: 1379 daAuts
     D:3: 36 daAuts
